Dohminal, lawful male human Monk --- ------------------ -- |.|---|......)%...%....|----------- --.| ---|.|...|......%.........|++[|..|...| |.... ---.-|.|...-..--|--.........|**!|..|...| .... --... |.|...|..|...|..-----..|... ..|-|---+-- -....--.... |.-----..|...|--|((.|..--|---|-.........| .......... .. ....|...| |((.-.............----- ........--.. ....|---| |((.|......--+-...|...| ......||.- -...|((.|+------%%{...| |.@.-...| -....--.| +...|(((|.............| |..u|...| |.......| |...|...|-+-.....---.-- --------- |...<...----...--|-|......+-| ... ----......|.....)..|.....|..|---- --.....|..#......-.......| |.....|-....{.().....|..| |.....--..|%...#.....--.- ---.......--............. |..........-----.....--- |.----..---- ---..-- --- |..| ---- ---- Dohminal the Initiate Experience level: 6 Strength: 13 Dexterity: 13 Constitution: 14 Intelligence: 12 Wisdom: 14 Charisma: 11 Health: 0(42) Energy: 36(36) Def: 11 Gold: 25 Moves: 1669 Dungeon seed: pfxsVaNTdDLnxAz2 Game ID: Dohminal_1554314077 Your Inventory: Coins $ - 25 gold pieces Weapons u - 9 +0 shuriken Armor e - a blessed +2 pair of leather gloves (being worn) n - an uncursed +2 robe (being worn) q - an uncursed +0 Uruk-hai shield (being worn) r - an uncursed +0 orcish helm (being worn) z - an uncursed +0 pair of iron shoes (being worn) Comestibles f - 3 uncursed food rations g - 6 uncursed apples h - 7 uncursed oranges i - 4 uncursed fortune cookies x - an uncursed partly eaten food ration Scrolls b - 2 uncursed scrolls of identify t - 3 uncursed scrolls of blank paper Spellbooks a - a blessed spellbook of sleep Potions c - a blessed potion of healing d - 2 uncursed potions of healing j - an uncursed potion of confusion k - an uncursed potion of water p - an uncursed potion of gain energy Rings o - an uncursed ring of invisibility Tools s - a +0 pick-axe Spells and supernatural/magical abilities: Name Level Category Fail Memory z - sleep 1 enchantment 58% 92% W - pray for help -- divine ? -- Your skills at the end: Fighting Skills martial arts [Basic] Weapon Skills Spellcasting Skills healing spells [Basic] Final Attributes: You were piously aligned. You were sleep resistant. You were poison resistant. You saw invisible. You were stealthy. You were fast. You are dead. Vanquished creatures: a gnome king a pony 7 gnome lords 2 gnomish wizards a paper golem a dwarf a monkey a wererat an acid blob a yellow mold 24 gnomes 2 jackals 2 foxes a kobold a goblin 2 sewer rats a grid bug 2 lichens 2 newts 54 creatures vanquished. Voluntary challenges: You followed a strict vegan diet. You never hit with a wielded weapon. You read items or engraved 2 times, starting on turn 752. You never genocided any monsters. You never polymorphed an object. You never changed form. You used no wishes. You never split a pudding. You never wrote Elbereth's name. You never violated your personal moral code. Dungeon overview: The Dungeons of Doom: levels 1 to 2 Level 1 a long staircase Level 2 stairs to The Gnomish Mines The Gnomish Mines: levels 3 to 6 Level 3 stairs to The Dungeons of Doom Level 4 Level 5 Level 6 <- You were here some shops, some fountains, some trees History has recorded: On T:1 you entered the Dungeons of Doom to retrieve the Amulet of Yendor! On T:277 you advanced to experience level 2. On T:480 you reached level 2 of The Dungeons of Doom. On T:949 you advanced to experience level 3. On T:963 you reached level 1 of The Gnomish Mines. On T:1004 you advanced to experience level 4. On T:1204 you reached level 2 of The Gnomish Mines. On T:1209 you advanced to experience level 5. On T:1256 you reached level 3 of The Gnomish Mines. On T:1458 you reached level 4 of The Gnomish Mines. On T:1528 you advanced to experience level 6. Score breakdown: Gold: 25 ( 4813 points) Experience: 6 levels (12456 points) Exploration: 6 levels ( 12.24%) ( 9682 points) Discoveries: 10 items ( 3.57%) ( 5669 points) Valuables value: (no points given unless you survive) Artifact value: 0 ( 0 points) Variety of kills: 19 monsters ( 4.99%) ( 6699 points) Turncount: 1669 turns ( 0 points) Survival: died (score multiplied by 80%) Total score: 31455 Latest messages: The gray unicorn butts! The gray unicorn kicks! The gray unicorn misses. (2x) The gray unicorn just misses! The gray unicorn misses. You hit the gray unicorn! The gray unicorn misses. The gray unicorn kicks! You hit the gray unicorn! The gray unicorn misses. (2x) The gray unicorn butts! The gray unicorn misses. You miss the gray unicorn. The gray unicorn butts! The gray unicorn kicks! The gray unicorn butts! The gray unicorn kicks! You hit the gray unicorn! The gray unicorn butts! The gray unicorn misses. (2x) The gray unicorn kicks! You die... Final status: Goodbye Dohminal the Monk, killed by a gray unicorn... You died in The Gnomish Mines on dungeon level 6 with 31455 points, and 25 pieces of gold, after 1669 moves. You were level 6 with a maximum of 42 hit points when you died.